 Dungeon Crawl Stone Soup version 0.30-a0-121-gb27577e5d9 (webtiles) character file.

Game seed: 12803436285222970287

219 bootyos the Ducker (level 5, 0/54 HPs)
             Began as a Troll Wanderer on Sept 14, 2022.
             Slain by a black bear (7 damage)
             ... on level 4 of the Dungeon.
             The game lasted 00:12:07 (4135 turns).

bootyos the Ducker (Troll Wanderer)                 Turns: 4135, Time: 00:12:08

Health: 0/54       AC:  4    Str: 19      XL:     5   Next: 64%
Magic:  4/4        EV: 13    Int:  2 (5)  God:
Gold:   60         SH:  0    Dex: 21      Spells: 4/4 levels left

rFire   . . .      SeeInvis .    l - +3 quarterstaff (chaos)
rCold   . . .      Faith    .    (shield currently unavailable)
rNeg    . . .      Spirit   .    d - +0 robe
rPois   .          Reflect  .    (helmet restricted)
rElec   .          Harm     .    j - scarf {shadows}
rCorr   .          Rampage  .    (gloves unavailable)
Will    .....      Clarity  +    (boots unavailable)
Stlth   ++........               (no amulet)
HPRegen 0.98/turn                f - +6 ring of dexterity
MPRegen 0.09/turn                (no ring)

@: no status effects
A: large, unfitting armour, claws 3, regeneration 1, shaggy fur 1, tough skin 1,
antennae 1, clarity, mutation resistance 1, MP-powered wands
a: no special abilities


You were on level 4 of the Dungeon.
You visited 1 branch of the dungeon, and saw 4 of its levels.

You collected 162 gold pieces.
You spent 102 gold pieces at shops.

Inventory:

Hand Weapons
 a - a +3 spear
 c - a +1 flail of protection
 l - a +3 quarterstaff of chaos (weapon)
Armour
 d - a +0 robe (worn)
 j - a scarf of shadows (worn)
Jewellery
 f - a +6 ring of dexterity (left claw)
Wands
 e - a wand of flame (15)
 k - a wand of mindburst (18)
Scrolls
 b - a scroll of teleportation {unknown}
Potions
 g - a potion of brilliance
 i - 2 potions of curing


   Skills:
 * Level 3.9 Fighting
 + Level 2.6 Polearms
 * Level 5.0 Dodging


You had 4 spell levels left.
You didn't know any spells.
Your spell library contained the following spells:

 Spells                   Type           Power      Damage    Failure   Level
 Shock                    Conj/Air       0%         1d3       54%         1
 Ignite Poison            Fire/Tmut/Pois 0%         N/A       89%         3
 Swiftness                Air            0%         N/A       89%         3
 Airstrike                Air            0%         2d(0-16)  100%        4
 Sticky Flame             Conj/Fire      0%         2d3       100%        4


Dungeon Overview and Level Annotations

Branches:
Dungeon (4/15)
 Temple: D:4-7

Altars:
Sif Muna

Shops:
D:2 !   D:4 ?

Annotations:
D:4 Blork the orc


Innate Abilities, Weirdness & Mutations

You are too large for most types of armour.
You have claws for hands.
Your natural rate of healing is unusually fast.
You are covered in fur. (AC +1)
You have tough skin. (AC +1)
You have a pair of small antennae on your head.
You possess an exceptional clarity of mind.
You are somewhat resistant to further mutation.
You expend magic power (3 MP) to strengthen your wands.


Message History

Okay, then.
You barely miss the black bear.
Blork the orc's magic is no longer disrupted.
Blork the orc gestures at you while chanting.
The puff of frost hits you! The black bear bites you.
The black bear barely misses you. The black bear claws you.
You hit the black bear.
The black bear is lightly wounded.
Blork the orc mumbles some strange words.
Blork the orc seems to speed up.
The black bear completely misses you. The black bear claws you.
The black bear misses you.
The endoplasm quivers.
You hit the black bear but do no damage.
The black bear is lightly wounded.
Blork the orc hits you with a +0 halberd!
The black bear bites you. The black bear barely misses you.
The black bear claws you. Blork the orc closely misses you.
You closely miss the black bear.
The black bear is lightly wounded.
Blork the orc closely misses you.
The black bear bites you but does no damage.
The black bear claws you. The black bear barely misses you.
Blork the orc closely misses you. The black bear bites you.
* * * LOW HITPOINT WARNING * * *
The black bear closely misses you. x2
Blork the orc attacks as you move away! Blork the orc barely misses you.
Blork the orc screams, "I don't like you!"
Blork the orc closely misses you.
Blork the orc points at you and mumbles some strange words.
The puff of frost hits you.
* * * LOW HITPOINT WARNING * * *
The black bear attacks as you move away!
The black bear barely misses you. The black bear claws you.
* * * LOW HITPOINT WARNING * * *
The black bear claws you.
* * * LOW HITPOINT WARNING * * *
Blork the orc closely misses you.
The black bear attacks as you move away!
The black bear bites you!
You die...

..##
####..##.......##.........
..
###....#......###∩........
.........).........##......
.....#......#.#....#......#
.....##.....##.##...........
.(.......#.##..####.........
..#..............#.#........
#.........................
#.......#@#####...........
...##....h# #...........#
.......o.## #........##.
......#..# ..........
........J# .###.......
............. ........
...###....^.. .. ..#......
..###.....


You could see Blork the orc (fast), a black bear and an endoplasm.

Vanquished Creatures
  Crazy Yiuf (D:3)
  6 gnolls (D:3)
  4 adders
  A worm (D:3)
  2 dart slugs
  2 ball pythons
  5 bats
  10 endoplasms
  5 giant cockroaches
  5 goblins
  5 hobgoblins
  12 jackals
  9 kobolds
  6 quokkas
  4 frilled lizards
  9 rats
86 creatures vanquished.

Vanquished Creatures (others)
  2 fungi (D:1)
2 creatures vanquished.

Grand Total: 88 creatures vanquished

Notes
Turn   | Place    | Note
-------+----------+-------------------------------------------
     0 | D:1      | bootyos the Troll Wanderer began the quest for the Orb.
     0 | D:1      | bootyos set off with the following items: a +3 spear, a +0
                  | cloak, a potion of heal wounds, a +0 robe.
     0 | D:1      | Reached XP level 1. HP: 22/22 MP: 0/0
   106 | D:1      | Reached XP level 2. HP: 29/29 MP: 1/1
   120 | D:1      | Found a faded altar of an unknown god.
   543 | D:1      | Reached XP level 3. HP: 34/37 MP: 2/2
  1050 | D:3      | Reached XP level 4. HP: 28/45 MP: 3/3
  1346 | D:2      | Found Usmiophilug's Distillery.
  1352 | D:2      | Bought a potion of mutation for 80 gold pieces
  1352 | D:2      | Gained mutation: You expend magic power (3 MP) to
                  | strengthen your wands. [potion of mutation]
  1352 | D:2      | Gained mutation: You have a pair of small antennae on your
                  | head. [potion of mutation]
  1352 | D:2      | Gained mutation: You possess an exceptional clarity of
                  | mind. [potion of mutation]
  1352 | D:2      | Gained mutation: You are somewhat resistant to further
                  | mutation. [potion of mutation]
  1937 | D:3      | Reached XP level 5. HP: 14/53 MP: 2/4
  1942 | D:3      | HP: 2/53 [gnoll/+0 spear (6)]
  3355 | D:3      | Found a runed translucent door.
  3356 | D:3      | Noticed Crazy Yiuf
  3534 | D:3      | Found a shimmering blue altar of Sif Muna.
  3961 | D:3      | Killed Crazy Yiuf
  3962 | D:3      | Reached skill level 5 in Dodging
  4089 | D:4      | Found Paosi's Magic Scroll Shoppe.
  4098 | D:4      | Bought a scroll of identify for 22 gold pieces
  4121 | D:4      | Noticed Blork the orc
  4123 | D:4      | Noticed a black bear
  4135 | D:4      | Slain by a black bear

Illustrated notes

Levels and vault maps discovered:
D:1:      tarquinn_simple_flora_water_b, layout_basic,
          shapermc_ecumenical_altar_mp_urbaneastern
D:2:      layout_basic, serial_shops, shop, chequers_serial_rivers_micro_e,
          kennysheep_crisscross, minmay_tripent
D:3:      layout_basic, mainiacjoe_overflow_chevrons, uniq_crazy_yiuf_cottage
D:4:      layout_cave_pools, kennysheep_little_box, serial_shops, shop,
          uniq_blork_the_orc

Skill      XL: |  1  2  3  4  5 |
---------------+----------------+-----
Fighting       | 3 |  3.9
Polearms       | 2 |  2.6
Dodging        | 5 |  5.0

Action                   |  1- 3 |  4- 6 || total
-------------------------+-------+-------++-------
Melee: Spear             |   112 |    11 ||   123
       Flail             |       |   117 ||   117
       Quarterstaff      |       |    18 ||    18
       Punch             |       |     2 ||     2
Evoke: Wand              |       |     2 ||     2
  Use: Scroll            |     2 |     3 ||     5
       Potion            |       |     6 ||     6
 Stab: Sleeping          |     8 |     6 ||    14
Armor: Robe              |    19 |    96 ||   115
Dodge: Dodged            |    40 |   187 ||   227

Table legend: (Time is in decaauts)
 A = Elapsed time spent in this place.
 B = Non-inter-level travel time spent in this place.
 C = Inter-level travel time spent in this place.
 D = Time resting spent in this place.
 E = Time spent auto-exploring this place.
 F = Levels seen in this place.
 G = Mean time per level.
                   A        B        C        D        E       F      G
               +--------+--------+--------+--------+--------+-----+--------+
         Total |   4185 |   4083 |    102 |   1476 |   1767 |   4 | 1046.2 |
       Dungeon |   4185 |   4083 |    102 |   1476 |   1767 |   4 | 1046.2 |
               +--------+--------+--------+--------+--------+-----+--------+

Top non-repeatable levels by time:
     D:3: 2254 daAuts
     D:2: 1074 daAuts
     D:1: 758 daAuts
     D:4: 98 daAuts
